Map: Torches LE

Players

Sindyr - Winner!

  • Race: Zerg Zerg
  • League: Master
  • Spawn Location: 5:00

punkidu

  • Race: Zerg Zerg
  • Spawn Location: 1:00

VOD

Have the link to the VOD?

Description

Time

  • Played on: Oct. 16, 2025, 11:17 a.m.
  • Length: 7:13
Show
View Real Time Build Order
Export as new Build Order

Sindyr Zerg - Winner!

Build Orders: Hatch First 

Get SALT Encoding   

  12  0:02  Drone  
  13  0:09  Drone  
  14  0:16  Overlord  
  14  0:28  Extractor  
  14  0:29  Drone  
  15  0:37  Drone x2  
  17  0:52  Hatchery  
  17  0:56  Drone  
  17  0:58  Drone  
  17  1:03  Extractor  
  17  1:16  Spawning Pool  
  17  1:17  Drone  
  17  1:21  Drone  
  18  1:32  Drone  
  19  1:39  Drone  
  20  1:51  Drone  
  21  2:05  Queen x2  
  26  2:08  Zergling x4  
  26  2:13  Overlord  
  27  2:32  Drone x3  
  27  2:36  Drone  
  31  2:39  Drone  
  31  2:42  Lair  
  32  2:46  Drone  
  32  2:47  Drone  
  34  2:54  Overlord  
  34  3:03  Roach Warren, Drone, Evolution Chamber  
  33  3:08  Drone  
  33  3:10  Drone  
  35  3:24  Drone x2  
  35  3:25  Drone x4  
  41  3:31  Zerg Missile Weapons Level 1  
  41  3:37  Overlord  
  41  3:43  Glial Reconstitution  
  41  3:50  Extractor x2, Overlord  
  41  3:53  Roach x2  
  43  3:55  Drone  
  43  3:56  Drone x4  
  43  3:57  Drone  
  43  3:59  Drone  
  50  4:20  Roach  
  50  4:21  Roach x4  
  50  4:22  Overlord x2  
  60  4:45  Roach x3  
  66  4:46  Roach x3  
  66  4:49  Overlord  
  72  5:02  Roach  
  72  5:08  Roach x6  
  84  5:44  Spine Crawler  
  84  5:45  Spine Crawler  
  84  5:47  Drone x3, Spine Crawler  
  84  5:49  Overlord x2  
  84  5:50  Overlord  
  84  6:01  Hatchery  
  84  6:02  Drone  
  84  6:05  Extractor  
  84  6:08  Roach x4  
  91  6:21  Drone x3  
  94  6:44  Evolution Chamber  
  93  7:08  Spire  
Show
View Real Time Build Order
Export as new Build Order

punkidu Zerg 

Build Orders: Pool First 

Get SALT Encoding   

  12  0:26  Spawning Pool  
  11  0:29  Drone x2  
  11  0:31  Drone  
  14  0:44  Overlord  
  14  1:00  Extractor  
  13  1:04  Extractor  
  13  1:06  Drone  
  13  1:07  Drone  
  14  1:14  Queen  
  16  1:20  Drone  
  17  1:34  Drone x2  
  19  1:47  Drone  
  20  1:56  Lair  
  21  2:01  Drone  
  21  2:07  Drone  
  22  2:19  Overlord  
  22  2:33  Hatchery  
  21  2:43  Drone x3  
  24  2:46  Metabolic Boost  
  24  3:00  Zergling x6  
  27  3:13  Baneling Nest  
  27  3:17  Zergling x6  
  29  3:25  Overseer  
  29  3:30  Overseer  
  29  3:34  Zergling x2  
  29  3:38  Overlord  
  30  3:51  Pneumatized Carapace  
  30  4:01  Zergling x8  
  30  4:02  Zergling x2  
  35  4:26  Nydus Network  
  35  4:29  Zergling x2  
  35  4:30  Zergling x10  
  40  4:43  Drone x2  
  41  5:16  Nydus Canal  
  41  5:50  Zergling x4  
  41  5:52  Hatchery  
  41  5:55  Overlord x3  
  42  6:18  Queen  
  44  6:31  Spore Crawler  
  44  6:32  Spore Crawler  
  42  6:35  Spore Crawler  
  27  6:45  Zergling x6  
  27  6:46  Zergling x12  
  27  6:47  Zergling x10  
Tags
 
League
Master
Matchup
ZvZ
Race
Zerg
Replay Pack
Multiplayer
Spawn Locations
Close Positions
Add a new tag
Caveats
  • Supply blocks, unpowered buildings, or Contaminate may cause inaccurate times.
  • Supply counts are checked every 10 seconds.